AoeStats
← danisteven1440

Lombardia

509786052Analyzed
4v4 RM · 4d ago on Sep 28, 2026· 78m 33s· 8 players
Game mode
Random Map
Map size
Large (8 player)
Population
200
Speed
Normal
Resources
Standard
Victory
Conquest
Starting age
Dark Age
Ending age
Imperial Age
RankedLock teamsTeams togetherTeam positionsShared explorationLock speedFull tech treeHidden civsTurbo modeCheats
Victory
Defeat
🇺🇸 Inca · United States
866
+9
🇺🇸 Maya · United States
773
+31
🇺🇸 Byzantines · United States
713
+15
🇺🇸 Persians · United States
673
+18
🇨🇳 Gurjaras · China
755
-16
🇨🇴 Celts · Colombia
742
-15
🇲🇽 Franks · Mexico
735
-15
🇨🇴 Khmer · Colombia
584
-9
Matthias9
0:39 Loom
11:07 Feudal Age
12:27 Wheelbarrow
11:37 Town Watch
11:46 Horse Collar
11:55 Double-Bit Axe
14:51 Gold Mining
14:52 Stone Mining
18:39 Bloodlines
28:04 Castle Age
28:55 Hand Cart
28:41 Town Patrol
30:11 Bow Saw
30:03 Heavy Plow
30:41 Stone Shaft Mining
30:42 Gold Shaft Mining
32:23 Forging
32:15 Scale Mail Armor
32:22 Scale Barding Armor
32:17 Padded Archer Armor
32:08 Fletching
35:40 Iron Casting
35:20 Chain Mail Armor
35:27 Chain Barding Armor
35:04 Bodkin Arrow
35:25 Leather Archer Armor
34:52 Pikeman
35:32 Squires
35:18 Arson
34:56 Crossbowman
35:41 Thumb Ring
34:57 Elite Skirmisher
38:49 Kamandaran
41:50 Imperial Age
42:05 Husbandry
43:01 Crop Rotation
43:32 Two-Man Saw
42:36 Caravan
43:06 Coinage
42:47 Guilds
42:24 Heavy Camel Rider
43:28 Conscription
42:37 Halberdier
43:40 Elite War Elephant
44:56 Hoardings
45:35 Banking
48:31 Onager
49:38 Cavalier
52:01 Citadels
52:01 Savar
55:16 Blast Furnace
54:47 Plate Mail Armor
54:53 Plate Barding Armor
54:50 Ring Archer Armor
58:56 Chemistry
58:17 Ballistics
58:08 Masonry
57:53 Murder Holes
bad machine ♡
7:37 Loom
20:05 Feudal Age
20:13 Champi Runner
21:54 Wheelbarrow
21:46 Scale Mail Armor
21:57 Forging
21:37 Horse Collar
21:44 Double-Bit Axe
31:43 Castle Age
29:41 Gold Mining
29:42 Stone Mining
29:51 Stone Mining
32:58 Hand Cart
32:51 Heavy Plow
33:02 Bow Saw
33:29 Gold Shaft Mining
33:30 Stone Shaft Mining
33:39 Stone Shaft Mining
33:39 Gold Shaft Mining
35:22 Caravan
35:58 Coinage
36:10 Chain Mail Armor
36:30 Iron Casting
35:19 Champi Warrior
36:47 Town Watch
42:01 Imperial Age
41:55 Padded Archer Armor
41:45 Fletching
42:43 Ballistics
42:11 Elite Kamayuk
44:30 Plate Mail Armor
45:01 Blast Furnace
45:06 Banking
DaWeedle
12:38 Feudal Age
15:25 Horse Collar
16:45 Double-Bit Axe
16:53 Gold Mining
21:11 Loom
24:06 Wheelbarrow
23:18 Town Watch
31:02 Castle Age
32:20 Hand Cart
32:07 Town Patrol
32:07 Stone Mining
34:09 Stone Shaft Mining
33:41 Heavy Plow
33:53 Bow Saw
41:51 Crossbowman
42:37 Thumb Ring
42:44 Fletching
42:56 Padded Archer Armor
43:38 Bodkin Arrow
46:28 Leather Archer Armor
48:24 Man-at-Arms
49:07 Squires
56:55 Imperial Age
54:43 Long Swordsman
58:22 Elite Plumed Archer
59:42 Hoardings
65:02 Conscription
64:51 Hul'che Javelineers
65:24 Ballistics
66:07 Chemistry
64:59 Guard Tower
65:32 Masonry
65:09 Treadmill Crane
65:25 Murder Holes
65:53 Fortified Wall
70:29 Coinage
70:02 Caravan
70:14 Guilds
71:58 Bracer
74:04 Banking
78:11 Pikeman
AZULA
0:31 Loom
13:42 Feudal Age
15:17 Horse Collar
20:22 Castle Age
23:55 Double-Bit Axe
24:30 Heavy Plow
26:46 Wheelbarrow
25:37 Pikeman
28:04 Husbandry
31:21 Imperial Age
30:16 Bow Saw
32:09 Hand Cart
36:53 Two-Man Saw
39:34 Chemistry
38:44 Fortified Wall
38:17 Pikeman
40:54 Caravan
40:55 Treadmill Crane
42:32 Conscription
41:36 Halberdier
42:17 Squires
45:53 Crop Rotation
47:35 Coinage
47:15 Guilds
52:20 Elite Cataphract
67:09 Banking
68:11 Arson
68:45 Forging
68:36 Scale Mail Armor
68:36 Padded Archer Armor
68:43 Scale Barding Armor
77:59 Logistica
78:19 Chain Barding Armor
78:35 Iron Casting
78:16 Chain Mail Armor
amstek
10:16 Loom
12:03 Feudal Age
13:50 Gold Mining
16:38 Castle Age
16:17 Stone Mining
16:37 Double-Bit Axe
24:37 Scale Barding Armor
29:17 Chain Barding Armor
30:16 Wheelbarrow
29:47 Pikeman
32:20 Hand Cart
32:21 Forging
32:52 Bow Saw
36:37 Imperial Age
36:44 Imperial Age
34:02 Loom
34:53 Ballistics
36:59 Murder Holes
37:41 Gold Shaft Mining
37:36 Siphons
38:35 Chemistry
38:41 Chemistry
38:03 Conscription
38:01 Padded Archer Armor
39:55 Town Watch
43:02 Town Patrol
45:40 Iron Casting
57:30 Light Cavalry
60:00 Husbandry
62:40 Cavalier
62:49 Cavalier
64:43 Caravan
64:24 Paladin
66:14 Blast Furnace
66:58 Coinage
68:08 Fletching
juandasotoguerrero
7:43 Loom
13:37 Feudal Age
14:54 Double-Bit Axe
14:56 Horse Collar
15:10 Gold Mining
16:24 Wheelbarrow
19:24 Castle Age
18:31 Stone Mining
18:43 Town Watch
18:25 Man-at-Arms
19:15 Scale Mail Armor
19:30 Forging
19:53 Scale Mail Armor
23:17 Heavy Plow
23:31 Bow Saw
24:00 Gold Shaft Mining
22:50 Elite Skirmisher
22:54 Pikeman
23:20 Gambesons
26:28 Long Swordsman
27:53 Stone Shaft Mining
30:06 Iron Casting
29:46 Chain Mail Armor
31:21 Hand Cart
31:47 Town Patrol
32:35 Chain Mail Armor
32:55 Ballistics
35:14 Imperial Age
35:17 Arson
35:43 Two-Handed Swordsman
38:06 Blast Furnace
37:38 Plate Mail Armor
37:21 Siege Engineers
38:17 Chemistry
37:42 Conscription
38:10 Heavy Scorpion
38:23 Halberdier
40:21 Caravan
41:18 Champion
52:42 Furor Celtica
67:15 Cavalier
67:58 Husbandry
68:08 Scale Barding Armor
69:07 Paladin
77:57 Chain Barding Armor
danisteven1440
15:59 Feudal Age
21:34 Castle Age
19:38 Double-Bit Axe
19:48 Gold Mining
19:49 Stone Mining
19:54 Horse Collar
24:19 Gold Shaft Mining
28:45 Imperial Age
28:52 Imperial Age
31:37 Bow Saw
32:45 Wheelbarrow
32:59 Stone Shaft Mining
32:50 Heavy Plow
33:10 Husbandry
33:21 Bloodlines
32:32 Light Cavalry
33:57 Hussar
35:55 Hand Cart
36:36 Town Watch
36:50 Loom
40:08 Caravan
40:39 Coinage
40:38 Town Patrol
42:17 Scale Barding Armor
42:22 Forging
42:56 Banking
43:54 Crop Rotation
46:05 Iron Casting
45:51 Chain Barding Armor
45:24 Fletching
45:35 Padded Archer Armor
46:13 Conscription
46:34 Hoardings
46:02 Double Crossbow
49:13 Blast Furnace
48:50 Plate Barding Armor
48:13 Bodkin Arrow
49:32 Elite Ballista Elephant
58:26 Leather Archer Armor
58:12 Bracer
WINGER
0:29 Loom
14:07 Feudal Age
22:25 Castle Age
20:21 Stone Mining
20:23 Gold Mining
22:58 Double-Bit Axe
26:24 Bow Saw
27:17 Horse Collar
30:05 Stone Shaft Mining
30:06 Gold Shaft Mining
31:59 Fortified Wall
39:16 Imperial Age
37:16 Heavy Plow
39:45 Kshatriyas
40:51 Wheelbarrow
41:10 Conscription
41:20 Frontier Guards
42:03 Crop Rotation
41:58 Masonry
43:41 Hand Cart
44:17 Bloodlines
44:09 Husbandry
44:04 Fletching
44:53 Hoardings
44:58 Caravan
45:22 Bodkin Arrow
45:04 Heavy Camel Rider
45:54 Padded Archer Armor
45:19 Elite Chakram Thrower
46:24 Bracer
46:38 Light Cavalry
47:35 Leather Archer Armor
47:32 Forging
47:28 Scale Barding Armor
48:55 Chemistry
48:26 Architecture
48:17 Ballistics
47:38 Treadmill Crane
47:24 Hussar
49:54 Iron Casting
49:29 Thumb Ring
48:44 Elite Elephant Archer
52:15 Chain Barding Armor
Connection lost

Rejoining the realm…

Still unreachable

The connection could not be restored.

Session expired

The server has moved on; the page needs a fresh start.